AoeStats
← Vary002

Arabia

503676216Analyzed
1v1 RM · 1mo ago on Sep 1, 2026· 22m 25s· 2 players
Game mode
Random Map
Map size
Tiny (2 player)
Population
200
Speed
Normal
Resources
Standard
Victory
Conquest
Starting age
Dark Age
Ending age
Imperial Age
RankedLock teamsTeams togetherTeam positionsShared explorationLock speedFull tech treeHidden civsTurbo modeCheats
Victory
Defeat
🇨🇿 Wei · Czechia
1016
+16
🇬🇧 Portuguese · United Kingdom
1015
-16
backwife enjoyer
11:12 Feudal Age
12:27 Double-Bit Axe
17:21 Castle Age
15:24 Loom
15:37 Stone Mining
16:10 Loom
16:25 Gold Mining
17:01 Horse Collar
18:35 Bow Saw
19:42 Wheelbarrow
Vary002
8:51 Loom
11:38 Feudal Age
16:16 Castle Age
15:31 Double-Bit Axe
15:47 Horse Collar
16:29 Fletching
18:18 Bodkin Arrow
19:53 Bow Saw
21:05 Gold Mining
21:20 Heavy Plow
22:18 Thumb Ring
Connection lost

Rejoining the realm…

Still unreachable

The connection could not be restored.

Session expired

The server has moved on; the page needs a fresh start.